 Dungeon Crawl Stone Soup version 0.30.0-21-gd299b56b3f (webtiles) character file.

Game seed: 3003068700453121685

3842 qw the Cleaver (level 10, -1/64 HPs)
             Began as a Gargoyle Fighter on June 2, 2023.
             Was a Believer of Okawaru.
             Slain by a killer bee (4 damage)
             ... on level 9 of the Dungeon.
             The game lasted 00:03:31 (8784 turns).

qw the Cleaver (Gargoyle Fighter)                   Turns: 8784, Time: 00:03:32

Health: -1/64      AC: 19    Str: 30    XL:     10   Next: 18%
Magic:  13/13      EV:  9    Int:  9    God:    Okawaru [**....]
Gold:   394        SH:  4    Dex:  9    Spells: 9/9 levels left

rFire   . . .        Y - +1 war axe
rCold   . . .        c - +0 buckler
rNeg    + . .        e - +0 chain mail
rPois   inf          (helmet restricted)
rElec   +            g - +1 cloak
rCorr   .            (no gloves)
SInv    +            (no boots)
Will    .....        (no amulet) Stlth
                     n - ring of see invisible
HPRegen 0.30/turn    q - +6 ring of strength
MPRegen 0.13/turn

%: no passive effects
@: no status effects
A: sickness immunity, AC +7, negative energy resistance 1, electricity
resistance, torment resistance 1, petrification resistance, beak, MP-powered
wands
a: Renounce Religion, Heroism


You were on level 9 of the Dungeon.
You worshipped Okawaru.
Okawaru was pleased with you.
You visited 2 branches of the dungeon, and saw 10 of its levels.

You collected 427 gold pieces.
You spent 33 gold pieces at shops.


Innate Abilities, Weirdness & Mutations

You are immune to sickness and miasma.
Your stone body is resilient. (AC +7)
You are immune to poison.
You resist negative energy. (rN+)
You are resistant to electric shocks. (rElec)
You are resistant to unholy torment.
You are immune to petrification.
You have a beak for a mouth.
You expend magic power (3 MP) to strengthen your wands.


   Skills:
 - Level 8.1 Fighting
 - Level 10.1 Axes
 - Level 2.4 Throwing
 + Level 4.5 Armour
 - Level 1.6 Dodging
 - Level 4.2 Shields
 - Level 4.0 Invocations


You had 9 spell levels left.
You didn't know any spells.
Your spell library was empty.

Inventory:

Hand Weapons
 b - a +1 heavy flail
 Y - a +1 war axe (weapon)
Missiles
 h - 10 boomerangs (quivered)
Armour
 c - a +0 buckler (worn)
 e - a +0 chain mail (worn)
 g - a +1 cloak (worn)
Jewellery
 n - a ring of see invisible (left hand)
 q - a +6 ring of strength (right hand)
 u - a ring of protection from fire
Wands
 s - a wand of digging (5)
Scrolls
 r - a scroll of identify
Potions
 d - a potion of might
 f - 3 potions of curing
 i - a potion of cancellation
 j - a potion of resistance {unknown}
 k - 2 potions of mutation
 l - a potion of lignification {unknown}
 m - a potion of magic
 o - a potion of haste {unknown}
 p - a potion of berserk rage {unknown}

Dungeon Overview and Level Annotations

Branches:
Dungeon (9/15)             Temple (1/1) D:5
   Lair: D:8-11         Orc: D:9-12

Altars:
Cheibriados
Dithmenos
Elyvilon
Fedhas
Gozag
Hepliaklqana
Kikubaaqudgha
Makhleb
Okawaru
Qazlal
Ru
Sif Muna
Trog
Uskayaw
Vehumet
Wu Jian
Xom
Yredelemnul
Zin

Shops:
D:4 (?   D:5 [

Annotations:
D:3 2 runed translucent doors, qw's ghost, amateur GrFi
D:6 1 runed translucent door, Crazy Yiuf


Message History

You miss the killer bee.
You hit the killer bee but do no damage.
The killer bee barely misses you.
The killer bee stings you but does no damage. x3
The killer bee stings you. x2
You barely miss the killer bee.
The killer bee is severely wounded.
You hit the killer bee. You miss the killer bee.
The killer bee barely misses you. x2
The killer bee stings you but does no damage. x2
The killer bee barely misses you.
You miss the killer bee.
The killer bee is severely wounded.
You slash the killer bee! You miss the killer bee.
You barely miss the killer bee. The killer bee closely misses you.
You block the killer bee's attack. x2
The killer bee stings you.
You hit the killer bee.
The killer bee is almost dead.
You hit the killer bee. You miss the killer bee. You slash the killer bee!
You kill the killer bee!
Okawaru accepts your kill. The killer bee stings you.
The killer bee stings you but does no damage. x2
The killer bee closely misses you. x2; You block the killer bee's attack.
You hit the killer bee.
You kill the killer bee!
Okawaru accepts your kill.
You hit the killer bee. You barely miss the killer bee.
The killer bee stings you. You block the killer bee's attack.
You closely miss the killer bee.
The killer bee is heavily wounded.
You miss the killer bee.
The killer bee stings you but does no damage. x2
You closely miss the killer bee. Your peck misses the killer bee.
The killer bee is heavily wounded.
You miss the killer bee.
You feel like a meek peon again. You block the killer bee's attack.
The killer bee stings you.
You die...

##.... ....#
##### ##...#
# # ##....#
# # ..
.....#.# #
##.##....#.#
#
...........
# ........%#
# .......@y#
##########
##.....%y#
..........
#######.#
..#####.##
...
........<.
.....
..#####.##
.#.#.# #.##
.#.# hh #...
.... . ####
## ##


You could see 2 killer bees.

Vanquished Creatures
  Pikel (D:6)
  A manticore (D:9)
  Prince Ribbit (D:6)
  A vampire (D:9)
  A steam dragon (D:5)
  2 water moccasins
  A sky beast (D:7)
  A black bear (D:5)
  3 ogres
  A phantom (D:4)
  A centaur (D:8)
  A lemure (D:6)
  A kobold brigand (D:8)
  4 bullfrogs
  3 scorpions
  8 wights (D:8)
  2 killer bees (D:9)
  4 howler monkeys
  3 hounds
  2 jellies
  2 orc priests (D:4)
  An iguana (D:6)
  Terence (D:2)
  4 orc wizards
  6 adders
  9 gnolls (D:7)
  A shadow imp (D:7)
  2 white imps (D:6)
  3 worms
  A dart slug (D:4)
  25 orcs
  2 bats
  4 endoplasms
  3 giant cockroaches
  6 goblins
  5 hobgoblins
  4 jackals (D:3)
  8 kobolds
  A quokka (D:4)
  6 ball pythons
  2 frilled lizards
  6 rats
144 creatures vanquished.

Notes
Turn   | Place    | Note
-------+----------+-------------------------------------------
     0 | D:1      | qw the Gargoyle Fighter began the quest for the Orb.
     0 | D:1      | Reached XP level 1. HP: 14/14 MP: 1/1
     0 | D:1      | 0 ||| qw: Version: 0.2-a-102-gdf20003
     0 | D:1      | 0 ||| qw: Game counter: 857
     0 | D:1      | 0 ||| qw: Always use a shield: true
     0 | D:1      | 0 ||| qw: God list: Okawaru
     0 | D:1      | 0 ||| qw: Allow faded altars: false
     0 | D:1      | 0 ||| qw: Do Orc after D:15 true
     0 | D:1      | 0 ||| qw: Do second Lair branch before Depths: true
     0 | D:1      | 0 ||| qw: Lair rune preference: random
     0 | D:1      | 0 ||| qw: Plans: Normal, Zot:1-4, Slime:5, God:TSO, Crypt,
                  | Tomb, Pan, Hells, Abyss, Win
     0 | D:1      | 0 ||| PLANNING D:1-11
   725 | D:1      | Reached skill level 2 in Axes
  1049 | D:1      | 1049 ||| UPGRADING to +0 cloak.
  1054 | D:1      | 1054 ||| READING scroll labelled JOCUID XUYDU.
  1055 | D:1      | 1055 ||| DRINKING 3 metallic blue potions.
  1133 | D:2      | Reached XP level 2. HP: 19/19 MP: 2/2
  1216 | D:2      | 1216 ||| FLEEEEING.
  1217 | D:2      | 1217 ||| FLEEEEING.
  1218 | D:2      | 1218 ||| FLEEEEING.
  1219 | D:2      | 1219 ||| STAIRDANCE
  1224 | D:1      | 1224 ||| UPGRADING to +0 chain mail.
  1234 | D:1      | 1234 ||| DROPPING +0 scale mail.
  1235 | D:1      | 1235 ||| READING scroll labelled GOATEFUICO.
  1265 | D:2      | 1265 ||| Stepping ~*~*~tactically~*~*~ (hiding).
  1272 | D:2      | HP: 3/19 [orc wizard/+0 dagger (2)]
  1276 | D:2      | Reached skill level 3 in Axes
  1276 | D:2      | Reached XP level 3. HP: 5/23 MP: 3/3
  1278 | D:2      | 1278 ||| FLEEEEING.
  1340 | D:2      | 1340 ||| Stepping ~*~*~tactically~*~*~ (stealth).
  1353 | D:2      | 1353 ||| DROPPING +0 club.
  1551 | D:2      | Noticed Terence
  1554 | D:2      | Killed Terence
  1555 | D:2      | Reached skill level 4 in Axes
  1555 | D:2      | Reached XP level 4. HP: 28/28 MP: 4/4
  1621 | D:2      | 1621 ||| Stepping ~*~*~tactically~*~*~ (stealth).
  1623 | D:2      | 1623 ||| Stepping ~*~*~tactically~*~*~ (hiding).
  1669 | D:2      | 1669 ||| Stepping ~*~*~tactically~*~*~ (stealth).
  1895 | D:2      | 1895 ||| READING scroll labelled DOUWUEGACW.
  1896 | D:2      | 1896 ||| READING scroll labelled KOXYMU HESIECK.
  1897 | D:2      | 1897 ||| DRINKING 2 emerald potions.
  1897 | D:2      | Gained mutation: You expend magic power (3 MP) to
                  | strengthen your wands. [potion of mutation]
  1897 | D:2      | Gained mutation: You have a beak for a mouth. [potion of
                  | mutation]
  1967 | D:3      | Found an opulent altar of Gozag.
  2028 | D:3      | 2028 ||| Stepping ~*~*~tactically~*~*~ (stealth).
  2049 | D:3      | Found a runed translucent door.
  2050 | D:3      | Noticed qw's ghost (amateur GrFi)
  2085 | D:3      | Found a bloodstained altar of Trog.
  2408 | D:3      | 2408 ||| Stepping ~*~*~tactically~*~*~ (stealth).
  2411 | D:3      | Reached XP level 5. HP: 32/32 MP: 5/5
  2647 | D:3      | Found a runed translucent door.
  2739 | D:3      | 2739 ||| READING 2 scrolls labelled QUDUER OCHUI.
  2799 | D:3      | 2799 ||| READING 2 scrolls labelled RODDIC QEONG.
  2800 | D:3      | 2800 ||| READING scroll of enchant armour.
  2800 | D:3      | 2800 ||| ENCHANTING +0 cloak.
  2801 | D:3      | 2801 ||| READING scroll labelled CAZAIJ SYMAOR.
  2908 | D:4      | 2908 ||| STAIRDANCE
  2908 | D:4      | HP: 7/32 [orc priest/divine providence (16)]
  2910 | D:3      | 2910 ||| READING scroll of teleportation.
  3018 | D:3      | 3018 ||| Stepping ~*~*~tactically~*~*~ (stealth).
  3020 | D:3      | 3020 ||| Stepping ~*~*~tactically~*~*~ (stealth).
  3021 | D:3      | 3021 ||| Stepping ~*~*~tactically~*~*~ (stealth).
  3052 | D:4      | Reached skill level 5 in Axes
  3163 | D:4      | Found The Oracle's Delphic Readings.
  3167 | D:4      | 3167 ||| BUYING scroll of teleportation (33 gold).
  3167 | D:4      | Bought a scroll of teleportation for 33 gold pieces
  3190 | D:4      | Noticed a phantom
  3202 | D:4      | Killed a phantom
  3203 | D:4      | Reached XP level 6. HP: 37/39 MP: 6/6
  3539 | D:4      | Found Mainwopy's Antique Weapon Emporium.
  3830 | D:4      | 3830 ||| UPGRADING to +6 ring of strength.
  3831 | D:4      | 3831 ||| DROPPING ring of wizardry.
  3832 | D:4      | 3832 ||| DRINKING 3 yellow potions.
  3833 | D:4      | 3833 ||| DROPPING 2 potions of flight.
  3847 | D:5      | Entered Level 5 of the Dungeon
  3921 | D:5      | Reached skill level 6 in Axes
  3921 | D:5      | Reached XP level 7. HP: 34/44 MP: 7/7
  4038 | D:5      | 4038 ||| Stepping ~*~*~tactically~*~*~ (stealth).
  4048 | D:5      | Found a hazy altar of Hepliaklqana.
  4093 | D:5      | Reached skill level 1 in Dodging
  4110 | D:5      | Found Ifaofif's Armour Shop.
  4116 | D:5      | 4116 ||| SHOPLISTING +2 storm dragon scales (1012 gold,
                  | have 210).
  4116 | D:5      | 4116 ||| SHOPLISTING +3 plate armour of cold resistance
                  | (495 gold, have 210).
  4167 | D:5      | Noticed a steam dragon
  4175 | D:5      | Killed a steam dragon
  4176 | D:5      | 4176 ||| Stepping ~*~*~tactically~*~*~ (cloud).
  4294 | D:5      | 4294 ||| Stepping ~*~*~tactically~*~*~ (stealth).
  4295 | D:5      | 4295 ||| Stepping ~*~*~tactically~*~*~ (stealth).
  4297 | D:5      | 4297 ||| Stepping ~*~*~tactically~*~*~ (stealth).
  4298 | D:5      | 4298 ||| Stepping ~*~*~tactically~*~*~ (stealth).
  4381 | D:5      | Reached skill level 7 in Axes
  4511 | D:5      | Reached XP level 8. HP: 48/49 MP: 8/8
  4565 | D:5      | Reached skill level 1 in Throwing
  4587 | D:5      | Found a staircase to the Ecumenical Temple.
  4588 | D:5      | 4588 ||| PLANNING TEMPLE
  4588 | D:5      | 4588 ||| READING scroll labelled SIUGAR JOPRIO.
  4594 | Temple   | Entered the Ecumenical Temple
  4595 | Temple   | 4595 ||| PLANNING OKAWARU WORSHIP
  4951 | Temple   | Became a worshipper of Warmaster Okawaru
  4951 | Temple   | 4951 ||| PLANNING D:1-11
  5098 | D:5      | 5098 ||| READING scroll labelled FOBANU IDAUHI.
  5196 | D:6      | Noticed Pikel
  5208 | D:6      | Killed Pikel
  5208 | D:6      | Reached * piety under Okawaru
  5209 | D:6      | Reached skill level 8 in Axes
  5210 | D:6      | 5210 ||| FLEEEEING.
  5220 | D:6      | 5220 ||| STAIRDANCE
  5254 | D:5      | 5254 ||| UPGRADING to ring of protection from fire.
  5268 | D:6      | 5268 ||| INVOKING Heroism.
  5277 | D:6      | Reached skill level 1 in Invocations
  5407 | D:6      | Noticed Prince Ribbit
  5408 | D:6      | 5408 ||| INVOKING Heroism.
  5416 | D:6      | Killed Prince Ribbit
  5417 | D:6      | Reached skill level 6 in Fighting
  5417 | D:6      | Reached XP level 9. HP: 55/55 MP: 6/10
  5494 | D:6      | Found a burning altar of Makhleb.
  5498 | D:6      | Found an ancient bone altar of Kikubaaqudgha.
  5569 | D:6      | Identified the +5 great sword of Instinct {protect, rF+
                  | Will- Str+4}
  5606 | D:6      | 5606 ||| Stepping ~*~*~tactically~*~*~ (hiding).
  5607 | D:6      | 5607 ||| Stepping ~*~*~tactically~*~*~ (hiding).
  5608 | D:6      | 5608 ||| Stepping ~*~*~tactically~*~*~ (hiding).
  5609 | D:6      | 5609 ||| Stepping ~*~*~tactically~*~*~ (hiding).
  5874 | D:6      | Reached skill level 3 in Invocations
  6021 | D:6      | Found a runed translucent door.
  6022 | D:6      | Noticed Crazy Yiuf
  6074 | D:6      | 6074 ||| Stepping ~*~*~tactically~*~*~ (hiding).
  6336 | D:6      | 6336 ||| READING scroll labelled RUWKASUCKY.
  6337 | D:6      | 6337 ||| READING scroll labelled WUMPEQ YTAIQEON.
  6438 | D:6      | 6438 ||| DRINKING 2 coppery potions.
  6439 | D:6      | 6439 ||| DROPPING potion of degeneration.
  6590 | D:7      | 6590 ||| Stepping ~*~*~tactically~*~*~ (water).
  6621 | D:7      | 6621 ||| Stepping ~*~*~tactically~*~*~ (stealth).
  6622 | D:7      | 6622 ||| Stepping ~*~*~tactically~*~*~ (stealth).
  6623 | D:7      | 6623 ||| Stepping ~*~*~tactically~*~*~ (stealth).
  6625 | D:7      | 6625 ||| Stepping ~*~*~tactically~*~*~ (stealth).
  6641 | D:7      | Reached skill level 9 in Axes
  6676 | D:7      | 6676 ||| Stepping ~*~*~tactically~*~*~ (stealth).
  6693 | D:7      | 6693 ||| Stepping ~*~*~tactically~*~*~ (stealth).
  6694 | D:7      | 6694 ||| Stepping ~*~*~tactically~*~*~ (stealth).
  6700 | D:7      | 6700 ||| Stepping ~*~*~tactically~*~*~ (stealth).
  6814 | D:7      | Identified the +9 hand axe "Saovutok" {venom, *Rage rPois
                  | Will+ SInv}
  6816 | D:7      | 6816 ||| DROPPING +9 hand axe "Saovutok" {venom, *Rage
                  | rPois Will+ SInv}.
  6828 | D:7      | 6828 ||| Stepping ~*~*~tactically~*~*~ (hiding).
  6830 | D:7      | 6830 ||| Stepping ~*~*~tactically~*~*~ (hiding).
  6832 | D:7      | 6832 ||| Stepping ~*~*~tactically~*~*~ (hiding).
  6845 | D:7      | 6845 ||| Stepping ~*~*~tactically~*~*~ (stealth).
  7003 | D:7      | Found a flagged portal.
  7005 | D:7      | 7005 ||| Stepping ~*~*~tactically~*~*~ (hiding).
  7021 | D:7      | 7021 ||| INVOKING Heroism.
  7150 | D:7      | 7150 ||| Stepping ~*~*~tactically~*~*~ (stealth).
  7155 | D:7      | 7155 ||| INVOKING Heroism.
  7192 | D:7      | 7192 ||| FLEEEEING.
  7219 | D:7      | 7219 ||| FLEEEEING.
  7543 | D:7      | 7543 ||| DROPPING ring of flight.
  7544 | D:7      | 7544 ||| READING scroll labelled DEITEI ZOUG.
  7579 | D:7      | 7579 ||| READING scroll labelled FUCSURUIMO.
  7580 | D:7      | 7580 ||| DRINKING 2 bubbling emerald potions.
  7636 | D:8      | 7636 ||| Stepping ~*~*~tactically~*~*~ (stealth).
  7637 | D:8      | 7637 ||| Stepping ~*~*~tactically~*~*~ (stealth).
  7639 | D:8      | 7639 ||| Stepping ~*~*~tactically~*~*~ (stealth).
  7705 | D:8      | Reached ** piety under Okawaru
  7903 | D:8      | 7903 ||| INVOKING Heroism.
  8213 | D:8      | 8213 ||| Stepping ~*~*~tactically~*~*~ (hiding).
  8214 | D:8      | 8214 ||| Stepping ~*~*~tactically~*~*~ (hiding).
  8492 | D:8      | 8492 ||| DROPPING orb of guile.
  8493 | D:8      | 8493 ||| UPGRADING to ring of see invisible.
  8495 | D:8      | 8495 ||| UPGRADING to +6 ring of strength.
  8497 | D:8      | 8497 ||| READING scroll labelled DIDEOQ ZEMUH.
  8498 | D:8      | 8498 ||| DRINKING 2 white potions.
  8630 | D:9      | Found a hide-covered altar of Uskayaw.
  8659 | D:9      | 8659 ||| DRINKING 4 potions of curing.
  8659 | D:9      | 8659 ||| (to cure confusion)
  8663 | D:9      | Reached skill level 10 in Axes
  8663 | D:9      | Reached XP level 10. HP: 47/63 MP: 13/13
  8736 | D:9      | Noticed a manticore
  8737 | D:9      | 8737 ||| INVOKING Heroism.
  8746 | D:9      | HP: 13/63 [manticore (8)]
  8747 | D:9      | 8747 ||| READING 2 scrolls of teleportation.
  8748 | D:9      | Killed a manticore
  8751 | D:9      | Noticed a deep elf pyromancer
  8752 | D:9      | 8752 ||| READING scroll of teleportation.
  8752 | D:9      | HP: 14/64 [burnt (1)]
  8756 | D:9      | 8756 ||| Stepping ~*~*~tactically~*~*~ (stealth).
  8760 | D:9      | 8760 ||| INVOKING Heroism.
  8776 | D:9      | HP: 13/64 [killer bee (7)]
  8781 | D:9      | HP: 6/64 [killer bee (1)]
  8784 | D:9      | Slain by a killer bee

Levels and vault maps discovered:
D:1:      minmay_arrival_wavy_path, layout_basic, serial_glass, glass_columns_c,
          glass_columns_a, grunt_decor_mini_mirrors
D:2:      layout_loops_ring, uniq_terence
D:3:      minmay_recursive_quarters, layout_basic, grunt_gozag_breadcrumbs,
          mainiacjoe_overflow_alcove_1, ebering_ghost_sewer_f
D:4:      layout_basic, serial_shops, nicolae_shop_pleasant_corner_grove,
          minmay_misc_feat_room, serial_bayou_pond_d, minivault_19,
          nicolae_nh_oracle_at_delphi
D:5:      lemuel_ice_spiral_2, layout_basic, mainiacjoe_overflow_24_doors,
          minmay_temple_entry_fiery, serial_shops, shop, kennysheep_flooded_box
D:6:      layout_layer_cave, grunt_temple_overflow_open, minmay_fountain_box,
          uniq_prince_ribbit1, uniq_pikel, uniq_crazy_yiuf_cottage
D:7:      layout_gridville, lightli_bailey_entry_fortress, minmay_crossroads
D:8:      layout_basic
D:9:      layout_basic, mainiacjoe_overflow_paths,
          mainiacjoe_overflow_concentric_impassable
Temple:   compressed_dpeg_triangle_lava_temple

Skill      XL: |  1  2  3  4  5  6  7  8  9 10 |
---------------+-------------------------------+-----
Axes           | 2 3 4 5 6 7 8 10 | 10.1
Fighting       | 4 5 6 7 8 |  8.1
Dodging        | 1 |  1.6
Throwing       | 2 |  2.4
Invocations    | 2 4 |  4.0
Armour         | 4 |  4.5
Shields        | 4 |  4.2

Action                     |  1- 3 |  4- 6 |  7- 9 | 10-12 || total
---------------------------+-------+-------+-------+-------++-------
  Melee: War axe           |    72 |   103 |   241 |    26 ||   442
         Peck              |       |     8 |    33 |     5 ||    46
  Throw: Boomerang         |    37 |    39 |    60 |       ||   136
         Javelin           |       |       |    14 |       ||    14
 Invoke: Heroism           |       |       |     5 |     2 ||     7
    Use: Scroll            |     2 |     7 |     7 |     2 ||    18
         Potion            |     1 |     2 |     4 |       ||     7
 Armour: Scale mail        |    24 |       |       |       ||    24
         Chain mail        |    14 |    60 |   125 |    20 ||   219
  Dodge: Dodged            |    28 |    36 |    83 |    21 ||   168
  Block: Buckler           |    13 |    18 |    45 |    10 ||    86

Table legend:
 A = Non-vault XP
 B = Vault XP
 C = Vault XP percentage of total XP
 D = Non-vault monster count
 E = Vault monster count
 F = Vault count percentage of total count
                 A         B        C        D         E       F
            +---------+---------+-------+---------+---------+-------
      Total |    4473 |    1016 |  18.5 |     124 |      19 |  13.3
            +---------+---------+-------+---------+---------+-------
        D:1 |       6 |       0 |   0.0 |       3 |       0 |   0.0
        D:2 |      84 |      36 |  30.0 |      25 |       1 |   3.8
        D:3 |      41 |       3 |   6.8 |      16 |       2 |  11.1
        D:4 |     366 |      16 |   4.2 |      13 |       2 |  13.3
        D:5 |     741 |       0 |   0.0 |      16 |       0 |   0.0
        D:6 |     568 |     863 |  60.3 |      16 |       2 |  11.1
        D:7 |     588 |      98 |  14.3 |      11 |      12 |  52.2
        D:8 |    1107 |       0 |   0.0 |      18 |       0 |   0.0
        D:9 |     972 |       0 |   0.0 |       6 |       0 |   0.0
            +---------+---------+-------+---------+---------+-------
